 Dungeon Crawl Stone Soup version 0.26-a0-812-g31a745ddcd (webtiles) character file.

Game seed: 3024578069524302262

183 Lanoc the Ducker (level 5, 0/45 HPs)
             Began as a Minotaur Fire Elementalist on Nov 25, 2020.
             Was a Follower of Elyvilon.
             Slain by Blork the orc
             ... wielding a +0 glaive
              (4 damage)
             ... on level 4 of the Dungeon.
             The game lasted 00:03:29 (1641 turns).

Lanoc the Ducker (Minotaur Fire Elementalist)       Turns: 1641, Time: 00:03:30

Health: 0/45       AC:  9    Str: 12    XL:     5   Next: 35%
Magic:  0/6        EV: 13    Int: 13    God:    Elyvilon [*.....]
Gold:   88         SH:  0    Dex: 11    Spells: 5/6 levels left

rFire    . . .     SeeInvis +   b - +0 mace (protect)
rCold    . . .     Faith    .   (no shield)
rNeg     . . .     Spirit   .   a - +0 robe
rPois    .         Reflect  .   (helmet restricted)
rElec    .         Harm     .   (no cloak)
rCorr    .         Rampage  .   (no gloves)
MR       .....                  (no boots)
Stlth    +++.......             (no amulet)
HPRegen  0.15/turn              l - ring of stealth
MPRegen  0.10/turn              m - ring of see invisible

@: protection aura, hasted, lightly drained, very quick
A: retaliatory headbutt, horns 2
a: Lesser Healing, Divine Protection, Renounce Religion


You were on level 4 of the Dungeon.
You worshipped Elyvilon.
Elyvilon was aware of your devotion.
You visited 1 branch of the dungeon, and saw 4 of its levels.

You collected 88 gold pieces.

Inventory:

Hand Weapons
 b - a +0 mace of protection (weapon)
Armour
 a - a +0 robe (worn)
Jewellery
 l - a ring of stealth (left hand)
 m - a ring of see invisible (right hand)
Wands
 i - a wand of paralysis (17)
Scrolls
 c - a scroll of teleportation {unknown}
 e - a scroll of remove curse {unknown}
 f - a scroll of amnesia {unknown}
 j - a scroll of magic mapping {unknown}
 k - a scroll of identify {unknown}
Potions
 g - a potion of heal wounds {unknown}
 h - 2 potions of attraction {unknown}


   Skills:
 + Level 3.5(3.4) Fighting
 + Level 4.1(4.0) Dodging
 - Level 1.5(1.4) Stealth
 - Level 1.3(1.2) Spellcasting
 - Level 0.6(0.5) Conjurations
 - Level 2.1(2.0) Fire Magic
 + Level 2.4(2.3) Invocations


You had 5 spell levels left.
You knew the following spells:

 Your Spells              Type           Power        Failure   Level
a - Foxfire               Conj/Fire      #...         16%         1

Your spell library contained the following spells:

 Spells                   Type           Power        Failure   Level
 Conjure Flame            Conj/Fire      #.......     43%         3
 Inner Flame              Hex/Fire       #.......     47%         3
 Sticky Flame             Conj/Fire      #.......     85%         4
 Fireball                 Conj/Fire      #.........   99%         5


Dungeon Overview and Level Annotations

Branches:
Dungeon (4/15)
 Temple: D:4-7

Altars:
Ashenzari
Elyvilon
Hepliaklqana
Makhleb
The Shining One

Annotations:
D:4 Blork the orc


Innate Abilities, Weirdness & Mutations

You reflexively headbutt those who attack you in melee.
You have a pair of horns on your head.


Message History

Blork the orc is almost dead.
The adder bites you.
Blork the orc mumbles some strange words.
Blork the orc seems to speed up.
The adder bites you but does no damage.
You hit Blork the orc but do no damage.
Your weapon exudes an aura of protection.
Blork the orc is almost dead.
Blork the orc hits you with a +0 glaive!
* * * LOW HITPOINT WARNING * * *
The adder misses you. You furiously retaliate!
You headbutt the adder!
You kill the adder!
Blork the orc hits you but does no damage.
You barely miss Blork the orc.
Blork the orc is almost dead.
Blork the orc hits you with a +0 glaive!
* * * LOW HITPOINT WARNING * * *
It was a potion of haste.
You feel yourself speed up.
Blork the orc screams, "I'll drink your blood!
Soon!"
Blork the orc hits you with a +0 glaive.
You die...

##. ......... #..
#......... #..
#.........
#..####............(.
#....................
#.....#.......(....
#.#...!......#......<
#..o@†.....#.........
........!.#.............
.....#...>#..###........
#... #....##.###........
##. ######...##.#...[..
# #...##.#.....†
#...##.#.....<
..##......######>
#........## ##


You could see Blork the orc (fast).

Vanquished Creatures
  A sky beast (D:3)
  An orc wizard (D:3)
  3 adders
  A dart slug (D:2)
  3 leopard geckos
  6 orcs
  A ball python (D:3)
  3 giant cockroaches
  2 goblins (D:2)
  4 kobolds
  A quokka (D:4)
  2 bats (D:3)
  4 rats
32 creatures vanquished.

Vanquished Creatures (others)
  51 foxfires
  A plant (D:3)
52 creatures vanquished.

Grand Total: 84 creatures vanquished

Notes
Turn   | Place    | Note
-------+----------+-------------------------------------------
     0 | D:1      | Lanoc the Minotaur Fire Elementalist began the quest for
                  | the Orb.
     0 | D:1      | Reached XP level 1. HP: 14/14 MP: 1/1
   202 | D:2      | Reached skill level 1 in Fighting
   362 | D:2      | Reached XP level 2. HP: 10/23 MP: 3/3
   573 | D:2      | Found a hazy altar of Hepliaklqana.
   576 | D:2      | Found a glowing golden altar of the Shining One.
   577 | D:2      | Found a white marble altar of Elyvilon.
   577 | D:2      | Found a burning altar of Makhleb.
   579 | D:2      | Found a broken altar of Ashenzari.
   604 | D:2      | Became a worshipper of Elyvilon the Healer
   768 | D:3      | Reached skill level 3 in Dodging
   776 | D:3      | Reached skill level 1 in Invocations
   776 | D:3      | Reached XP level 3. HP: 19/30 MP: 0/4
   932 | D:3      | Noticed a sky beast
   941 | D:3      | Found a faded altar of an unknown god.
   975 | D:3      | Killed a sky beast
   975 | D:3      | Reached XP level 4. HP: 31/38 MP: 0/5
   975 | D:3      | Reached XP level 5. HP: 37/45 MP: 0/6
  1245 | D:3      | Reached skill level 4 in Dodging
  1603 | D:4      | Reached * piety under Elyvilon
  1622 | D:4      | Noticed Blork the orc
  1641 | D:4      | Slain by Blork the orc

Illustrated notes

Levels and vault maps discovered:
D:1:      wander_arrival_peaceful_grave, layout_loops_ring, minmay_pentomino_q2
D:2:      layout_loops_ring, minitemple
D:3:      layout_rooms, chequers_ecumenical_altar_lobes, minmay_checkerbox
D:4:      layout_rooms, uniq_eustachio, uniq_blork_the_orc

Skill      XL: |  1  2  3  4  5 |
---------------+----------------+-----
Fighting       | 1 2 3 |  3.5
Dodging        | 3 4 |  4.1
Invocations    | 1 2 |  2.4
Stealth        | |  1.5
Spellcasting   | |  1.3
Conjurations   | |  0.6
Fire Magic     | |  2.1

Action                   |  1- 3 |  4- 6 || total
-------------------------+-------+-------++-------
Melee: Mace              |    44 |    39 ||    83
       Unarmed           |     5 |       ||     5
       Headbutt          |     7 |     3 ||    10
 Cast: Foxfire           |    13 |    16 ||    29
  Use: Potion            |       |     1 ||     1
Armor: Robe              |    17 |     6 ||    23
Dodge: Dodged            |    34 |    45 ||    79

Table legend: (Time is in decaauts)
 A = Elapsed time spent in this place.
 B = Non-inter-level travel time spent in this place.
 C = Inter-level travel time spent in this place.
 D = Time resting spent in this place.
 E = Time spent auto-exploring this place.
 F = Levels seen in this place.
 G = Mean time per level.
                   A        B        C        D        E       F      G
               +--------+--------+--------+--------+--------+-----+--------+
         Total |   1672 |   1653 |     19 |      0 |   1354 |   4 |  418.0 |
       Dungeon |   1672 |   1653 |     19 |      0 |   1354 |   4 |  418.0 |
               +--------+--------+--------+--------+--------+-----+--------+

Top non-repeatable levels by time:
     D:3: 802 daAuts
     D:2: 650 daAuts
     D:1: 115 daAuts
     D:4: 104 daAuts
